Unix NetHack Version 5.0.0-0 post-release - last build Jun 10 2026 00:39:30 (3ee93aec679c4c4259841fe613dc97188e26a321,branch:main).

Game began 2026-06-17 12:05:26, ended 2026-06-17 12:06:49.

Ch3Begorrah, chaotic male human Rogue

                                                                   G..
                                                                   -@G.
                                                                   --).
                                                                    |..

Ch3Begorrah the Footpad  St:15 Dx:18 Co:14 In:7 Wi:10 Ch:11  Chaotic
Dlvl:3  $:7  HP:0(12) Pw:2(2) AC:6  Xp:1 T:256 

Latest messages:
 The goblin hits!
 You kill the goblin!
 You see here an iron skull cap.
 h - an iron skull cap.
 What do you want to wear? [h or ?*] h
 You finish your dressing maneuver.
 You descend the stairs.
 You see here 2 lembas wafers.
 The grid bug misses!
 i - 2 lembas wafers.
 The grid bug bites!
 You get zapped!
 You kill the grid bug!
 You climb up the stairs.
 $ - 3 gold pieces.
 You kill the goblin!
 j - an emerald potion.
 k - an iron skull cap.
 $ - 4 gold pieces (7 in total).
 You see here a goblin corpse.
 The fox bites!
 The fox bites!
 You hit the fox.
 The fox bites!
 You kill the fox!
 You swap places with your little dog.
 You descend the stairs.
 The little dog bites the kobold.
 The kobold hits the little dog.
 The little dog is killed!
 You descend the stairs.
 A dagger misses you.
 You learn more about your items by comparing them.
 g - a +0 dagger (at the ready) (14 in total).
 You miss the gnome.
 You hit the gnome.
 A dagger misses you.
 The gnome wields a thonged club!
 The gnome secures the tether on the thonged club.
 You hit the gnome.
 A dagger misses you.
 The gnome swings his thonged club.
 The gnome hits!
 You hit the gnome.
 The gnome swings his thonged club.
 The gnome hits!
 The gnome swings his thonged club.
 The gnome hits!
 You die...
 Do you want your possessions identified? [ynq] (y) q

Inventory:
 Coins    ('$')
  $ - 7 gold pieces
 Weapons  (')')
  b - a +0 dagger (alternate weapon; not wielded)
  g - 14 +0 daggers (at the ready)
  a - a +0 short sword (weapon in right hand)
 Armor    ('[')
  h - an uncursed +0 orcish helm (being worn)
  k - an uncursed +0 orcish helm
  c - an uncursed +1 leather armor (being worn)
 Comestibles  ('%')
  i - 2 uncursed lembas wafers
 Potions  ('!')
  j - an uncursed potion of confusion
  d - an uncursed potion of sickness
 Tools    ('(')
  f - an empty uncursed sack
  e - an uncursed lock pick

Ch3Begorrah the Rogue's attributes:

Background:
 You were a Footpad, a level 1 male human Rogue.
 You were chaotic, on a mission for Kos
 who was opposed by Issek (lawful) and Mog (neutral).
 You were right-handed.
 You were in the Gnomish Mines, on level 3.
 You entered the dungeon 256 turns ago.
 There was a new moon in effect when your adventure ended.
 You had 17 experience points, 3 more were needed to attain level 2.

Basics:
 You had 0 out of 12 hit points.
 You had both energy points (spell power).
 Your armor class was 6.
 Your wallet contained 7 zorkmids.
 Autopickup was on for '$!/(' plus thrown, with exceptions.

Final Characteristics:
 Your strength was 15 (limit:18/100).
 Your dexterity was 18 (limit:18).
 Your constitution was 14 (limit:18).
 Your intelligence was 7 (limit:18).
 Your wisdom was 10 (limit:18).
 Your charisma was 11 (limit:18).

Final Status:
 You weren't hungry.
 You were unencumbered.
 You were wielding a short sword.
 You had basic skill with short sword.

Final Attributes:
 You were fervently aligned.
 You were stealthy.
 You were warded.
 You are dead.

Miscellaneous:
 You didn't encounter any bones levels.
 Total elapsed playing time was 1 minute and 23 seconds.

Major events:
 Turn
    1: Ch3Begorrah the chaotic male human Rogue entered the dungeon
  249: entered the Gnomish Mines
  256: killed by a gnome

You didn't know any spells.

Skills:
 Fighting Skills
   bare handed combat [Unskilled]
   two weapon combat  [Unskilled]
   riding             [Unskilled]
 Weapon Skills
   dagger             [Basic]
   knife              [Unskilled]
   short sword        [Basic]
   broadsword         [Unskilled]
   long sword         [Unskilled]
   two-handed sword   [Unskilled]
   saber              [Unskilled]
   club               [Unskilled]
   mace               [Unskilled]
   morning star       [Unskilled]
   flail              [Unskilled]
   hammer             [Unskilled]
   polearms           [Unskilled]
   spear              [Unskilled]
   crossbow           [Unskilled]
   dart               [Unskilled]
   shuriken           [Unskilled]
 Spellcasting Skills
   divination spells  [Unskilled]
   escape spells      [Unskilled]
   matter spells      [Unskilled]

Voluntary challenges:
 Character rerolling was not enabled.
 You went without food.
 You were an atheist.
 You were illiterate.
 You never genocided any monsters.
 You never polymorphed an object.
 You never changed form.
 You used no wishes.
Achievement:
 You entered the Gnomish Mines.

 The Dungeons of Doom: levels 1 to 2
    Level 1:
    Level 2:
       Stairs down to The Gnomish Mines.
 The Gnomish Mines:
    Level 3: <- You were here.
       Final resting place for
          you, killed by a gnome.


Vanquished creatures:
  a little dog
  a fox
  2 goblins
  a grid bug
5 creatures vanquished.

No species were genocided or became extinct.

Game over:
                       ----------
                      /          \
                     /    REST    \
                    /      IN      \
                   /     PEACE      \
                  /                  \
                  |   Ch3Begorrah    |
                  |       7 Au       |
                  |   killed by a    |
                  |      gnome       |
                  |                  |
                  |                  |
                  |       2026       |
                 *|     *  *  *      | *
        _________)/\\_//(\/(/\)/\//\/|_)_______

Goodbye Ch3Begorrah the Rogue...

You died in The Gnomish Mines on dungeon level 3 with 175 points,
and 7 pieces of gold, after 256 moves.
You were level 1 with a maximum of 12 hit points when you died.

